 Dungeon Crawl Stone Soup version 0.31-a0-162-gc4c5a43528 (webtiles) character file.

Game seed: 4143085956149822663

378 Faragor the Conjurer (level 6, -3/32 HPs)
             Began as a Deep Elf Conjurer on June 13, 2023.
             Killed from afar by a steam dragon (12 damage)
             ... with a ball of steam
             ... on level 4 of the Dungeon.
             The game lasted 00:10:53 (4905 turns).

Faragor the Conjurer (Deep Elf Conjurer)            Turns: 4905, Time: 00:10:53

Health: -3/32      AC:  3    Str:  7    XL:     6   Next: 45%
Magic:  5/15       EV: 13    Int: 37    God:
Gold:   189        SH:  0    Dex:  9    Spells: 4/15 levels left

rFire   . . .        r - +3 dagger
rCold   . . .        s - orb "Himub" {light, Str+3 Int+6 Dex-4}
rNeg    . . .        a - +0 robe
rPois   .            q - +0 helmet
rElec   .            (no cloak)
rCorr   .            (no gloves)
SInv    .            (no boots)
Will    .....        (no amulet)
Stlth   +            d - +6 ring of intelligence
HPRegen 0.25/turn    (no ring)
MPRegen 0.14/turn

%: no passive effects
@: glowing
A: no striking features
a: no special abilities


You were on level 4 of the Dungeon.
You visited 1 branch of the dungeon, and saw 4 of its levels.

You collected 189 gold pieces.

Inventory:

Hand Weapons
 j - a +0 dagger
 r - a +3 dagger (weapon)
 u - a +0 whip of electrocution
 v - a +2 short sword of holy wrath
Armour
 a - a +0 robe (worn)
 q - a +0 helmet (worn)
 s - the orb "Himub" (worn) {light, Str+3 Int+6 Dex-4}
   (You found it on level 3 of the Dungeon)

   Str:       It affects your strength (+3).
   Int:       It affects your intelligence (+6).
   Dex:       It affects your dexterity (-4).
Magical Staves
 f - a staff of conjuration
Jewellery
 d - a +6 ring of intelligence (left hand)
Scrolls
 h - 2 scrolls of immolation {unknown}
 i - 3 scrolls of vulnerability {unknown}
 k - 4 scrolls of identify {unknown}
 l - a scroll of enchant armour {unknown}
 m - a scroll of brand weapon {unknown}
 o - a scroll of enchant weapon {unknown}
 p - a scroll of fog {unknown}
Potions
 b - 2 potions of magic
 c - 2 potions of curing {unknown}
 e - a potion of mutation {unknown}
 g - 2 potions of haste {unknown}
 n - a potion of berserk rage {unknown}
 t - 2 potions of cancellation {unknown}
 w - a potion of heal wounds {unknown}


   Skills:
 + Level 4.6 Dodging
 + Level 5.0 Stealth
 + Level 5.2 Spellcasting
 + Level 5.6 Conjurations


You had 4 spell levels left.
You knew the following spells:

 Your Spells              Type           Power      Damage    Failure   Level
a - Magic Dart            Conj           100%       1d8       1%          1
b - Searing Ray           Conj           100%       2d8       1%          2
c - Fulminant Prism       Conj/Hex       15%        3d10      11%         4
d - Iskenderun's Mystic   Conj/Tloc      30%        2d8       11%         4

Your spell library contained the following spells:

 Spells                   Type           Power      Damage    Failure   Level
 Dazzling Flash           Conj/Hex       60%        N/A       3%          3


Dungeon Overview and Level Annotations

Branches:
Dungeon (4/15)             Temple (0/1) D:4

Altars:
Ashenzari
Xom

Shops:
D:2 =

Annotations:
D:3 1 runed translucent door, skelma's ghost, amateur DsHu


Message History

The steam dragon hisses angrily.
Unknown command.
Casting: Magic Dart (safe; 1% risk of failure)
Confirm with . or Enter, or press ? or * to list all spells.
Aiming: Magic Dart (safe; 1% risk of failure)
Press: ? - help, Shift-Dir - straight line, f/p - adder
Aim: an adder (severely wounded, haloed, 100% to hit)
The magic dart hits the adder.
You kill the adder!
A steam dragon is nearby!
Casting: Magic Dart (safe; 1% risk of failure)
Confirm with . or Enter, or press ? or * to list all spells.
Aiming: Searing Ray (safe; 1% risk of failure)
Press: ? - help, Shift-Dir - straight line, f - steam dragon
Aim: a steam dragon (haloed, 87% to hit)
The searing ray hits the steam dragon.
The steam dragon is lightly wounded. (Press . to maintain the ray.)
The searing ray hits the steam dragon.
The steam dragon is moderately wounded.
The searing ray hits the steam dragon!
The steam dragon is heavily wounded.
The steam dragon bites you! The steam dragon closely misses you.
Casting: Searing Ray (safe; 1% risk of failure)
Confirm with . or Enter, or press ? or * to list all spells.
Restarting spell: Searing Ray (safe; 1% risk of failure)
Press: ? - help, Shift-Dir - straight line, f/p - steam dragon
Aim: a steam dragon (heavily wounded, haloed, 87% to hit)
The searing ray hits the steam dragon.
The steam dragon is severely wounded. (Press . to maintain the ray.)
The steam dragon misses you. The steam dragon claws you.
The searing ray misses the steam dragon.
The steam dragon bites you! The steam dragon claws you.
* * * LOW HITPOINT WARNING * * *
The searing ray hits the steam dragon!
The steam dragon is almost dead.
The steam dragon breathes steam at you. The ball of steam hits you!
You die...

.# #.......# #....... ##
#.......# ..# ####.###
#.####### ..# #.# # #.# ..#
###.### ####.# .. #.....#
.....# .# #.#.#†# ######
##.###### #.#....
###D......## #.###..
#..@........ ## ##.
#......#..# #.
#######......#..### ###.
##.................# ###+
##.....##..#...#..#.######⌠.
#.......#.....<#.........#.>
##.......#....[.......#####⌠.
### #........#......###.###
###' ..###.#.<...###.....#
#.# ###.


You could see a steam dragon (catching breath).

Vanquished Creatures
  A scorpion (D:4)
  A howler monkey (D:4)
  A hound (D:4)
  An iguana (D:4)
  3 orc wizards (D:4)
  Robin (D:2)
  6 adders
  2 ufetubi (D:4)
  A worm (D:4)
  A dart slug (D:4)
  4 orcs
  5 ball pythons
  4 endoplasms
  2 giant cockroaches (D:1)
  19 goblins
  4 hobgoblins
  3 jackals (D:1)
  2 quokkas (D:1)
  7 bats
  2 frilled lizards
  4 kobolds
  6 rats
80 creatures vanquished.

Notes
Turn   | Place    | Note
-------+----------+-------------------------------------------
     0 | D:1      | Faragor the Deep Elf Conjurer began the quest for the Orb.
     0 | D:1      | Reached XP level 1. HP: 10/10 MP: 6/6
    91 | D:1      | Reached XP level 2. HP: 15/15 MP: 1/8
   863 | D:1      | Found a faded altar of an unknown god.
  1046 | D:2      | Reached XP level 3. HP: 19/19 MP: 6/10
  1303 | D:2      | Found Cisat's Jewellery Shop.
  1468 | D:2      | Noticed Robin
  1534 | D:2      | Killed Robin
  1719 | D:2      | Learned a level 2 spell: Searing Ray
  1743 | D:2      | Reached XP level 4. HP: 24/24 MP: 7/11
  2073 | D:3      | Found a runed translucent door.
  2074 | D:3      | Noticed skelma's ghost (amateur DsHu)
  2281 | D:3      | Identified the +0 chain mail of Indecent Exposure {Harm
                  | *Slow rElec rPois}
  2311 | D:3      | Identified the orb "Himub" {light, Str+3 Int+6 Dex-4}
  3093 | D:1      | Learned a level 4 spell: Fulminant Prism
  3098 | D:1      | Learned a level 4 spell: Iskenderun's Mystic Blast
  3161 | D:4      | Reached skill level 5 in Conjurations
  3292 | D:4      | Noticed a scorpion
  3296 | D:4      | Killed a scorpion
  3297 | D:4      | Reached XP level 5. HP: 28/28 MP: 7/13
  3551 | D:4      | Found a shimmering altar of Xom.
  3792 | D:4      | Found a staircase to the Ecumenical Temple.
  4104 | D:4      | Identified the +1 leather armour of Pan-Flutes {rC+ Dex+3}
  4323 | D:4      | Reached skill level 5 in Spellcasting
  4323 | D:4      | Reached XP level 6. HP: 32/32 MP: 11/15
  4491 | D:4      | Found a broken altar of Ashenzari.
  4836 | D:4      | Reached skill level 5 in Stealth
  4896 | D:4      | Noticed a steam dragon
  4905 | D:4      | Killed from afar by a steam dragon

Illustrated notes

Levels and vault maps discovered:
D:1:      dpeg_arrival_arbitrary_b, layout_rooms,
          hellmonk_ecumenical_altar_run_dry
D:2:      layout_loops_ring, serial_shops, nicolae_shop_real_fake_doors,
          uniq_robin
D:3:      layout_rooms, gammafunk_ghost_grave, interstate_on_off,
          minmay_misc_feat_nine_boxes
D:4:      layout_loops_cross, mainiacjoe_overflow_swirl, xom_teletrap_fun,
          temple_doors_e, serial_shops, nicolae_diamond_shop,
          nicolae_shop_dealshenge, chequers_big_river, hangedman_decor_lopped,
          minmay_misc_feat_encased, grunt_decor_cap

Skill      XL: |  1  2  3  4  5  6 |
---------------+-------------------+-----
Dodging        | 3 4 |  4.6
Stealth        | 3 4 5 |  5.0
Spellcasting   | 4 5 |  5.2
Conjurations   | 5 |  5.6

Action                     |  1- 3 |  4- 6 || total
---------------------------+-------+-------++-------
  Melee: Unarmed           |     8 |       ||     8
         Dagger            |     7 |       ||     7
   Cast: Magic Dart        |    78 |    36 ||   114
         Searing Ray       |       |    25 ||    25
 Armour: Robe              |     2 |       ||     2
  Dodge: Dodged            |    13 |     5 ||    18

Table legend: (Time is in decaauts)
 A = Elapsed time spent in this place.
 B = Non-inter-level travel time spent in this place.
 C = Inter-level travel time spent in this place.
 D = Time resting spent in this place.
 E = Time spent auto-exploring this place.
 F = Levels seen in this place.
 G = Mean time per level.
                   A        B        C        D        E       F      G
               +--------+--------+--------+--------+--------+-----+--------+
         Total |   4908 |   4620 |    288 |   1797 |   2375 |   4 | 1227.0 |
       Dungeon |   4908 |   4620 |    288 |   1797 |   2375 |   4 | 1227.0 |
               +--------+--------+--------+--------+--------+-----+--------+

Top non-repeatable levels by time:
     D:4: 1756 daAuts
     D:2: 1137 daAuts
     D:3: 1026 daAuts
     D:1: 989 daAuts
